 Dungeon Crawl Stone Soup version 0.25-a0-464-g3004169c2b (webtiles) character file.

Game seed: 121004504847859969, levelgen mode: deterministic

22 Erk the Grasshopper (level 3, -1/24 HPs)
             Began as a Halfling Warper on Feb 4, 2020.
             Slain by an adder (2 damage)
             ... on level 2 of the Dungeon.
             The game lasted 00:04:26 (931 turns).

Erk the Grasshopper (Halfling Warper)                Turns: 931, Time: 00:04:27

Health: -1/24      AC:  3    Str: 12    XL:     3   Next: 7%
Magic:  2/5        EV: 14    Int: 11    God:
Gold:   97         SH:  0    Dex: 14    Spells: 3/5 levels left

rFire    . . .     SeeInvis .   a - +0 short sword
rCold    . . .     Gourm    .   (shield restricted)
rNeg     . . .     Faith    .   b - +0 leather armour
rPois    .         Spirit   .   (no helmet)
rElec    .         Reflect  .   (no cloak)
rCorr    .         Harm     .   (no gloves)
MR       .....                  (no boots)
Stlth    ++........             (no amulet)
HPRegen  0.08/turn              (no ring)
MPRegen  0.09/turn              (no ring)

@: lethally poisoned (-1 -> -6), very slightly contaminated
A: small, mutation resistance 1
a: no special abilities


You were on level 2 of the Dungeon.
You were not hungry.

You visited 1 branch of the dungeon, and saw 3 of its levels.

You collected 97 gold pieces.

Inventory:

Hand Weapons
 a - a +0 short sword (weapon)
Missiles
 e - 5 boomerangs of dispersal
 g - 76 stones (quivered)
 i - 12 sling bullets
Armour
 b - a +0 leather armour (worn)
Scrolls
 d - a scroll of blinking
Potions
 c - a potion of lignification {unknown}
 h - a potion of heal wounds {unknown}
Comestibles
 f - 2 rations


   Skills:
 + Level 2.1 Fighting
 - Level 2.4 Short Blades
 + Level 1.4 Throwing
 - Level 1.1 Armour
 + Level 2.5 Dodging
 + Level 1.2 Stealth
 - Level 1.5 Spellcasting
 + Level 3.4 Translocations


You had 3 spell levels left.
You knew the following spells:

 Your Spells              Type           Power        Failure   Level  Hunger
a - Blink                 Tloc           N/A          14%         2    ###....

Your spell library contained the following spells:

 Spells                   Type           Power        Failure   Level  Hunger
 Shroud of Golubria       Chrm/Tloc      #.....       28%         2    ###....
 Gell's Gravitas          Tloc           #.........   28%         3    ####...
 Lesser Beckoning         Tloc           #.........   28%         3    ####...
 Teleport Other           Tloc           #.......     28%         3    ####...
 Passage of Golubria      Tloc           N/A          67%         4    #####..


Dungeon Overview and Level Annotations

Branches:
Dungeon (3/15)

Altars:
Hepliaklqana

Annotations:
D:2 Jessica


Innate Abilities, Weirdness & Mutations

You are small and have problems with some larger weapons.
You are somewhat resistant to further mutation.


Message History

You don't have enough magic to cast that spell.
You hit the adder.
The adder is moderately wounded.
* * * LOW HITPOINT WARNING * * *
You feel sick. The adder misses you. Jessica misses you.
You closely miss the adder.
The adder is moderately wounded.
The adder completely misses you. Jessica closely misses you.
You hit the adder.
The adder is severely wounded.
* * * LOW HITPOINT WARNING * * *
You feel sick. The adder bites you but does no damage.
Jessica hits you with a +0 dagger.
* * * LOW HITPOINT WARNING * * *
You hit the adder but do no damage.
The adder is severely wounded.
The adder bites you.
* * * LOW HITPOINT WARNING * * *
The adder bites you.
You die...

#..# ##...#.## #.#
#..# ##......# #.#
#..# #.......######.#
#..###.>............#
#..#.........########
######....##......#
#...........#.ยง.#.#
#.####.####.##.##@# .
##.....##....S@.#
#.#.......#..######
#.#.......#..#
#....._......#
#.#....^..#..#
..#.......#..# .
##.....##..#
###.####..# .....
...#


You could see an adder and Jessica.

Vanquished Creatures
  A dart slug (D:1)
  A giant cockroach (D:1)
  4 hobgoblins (D:1)
  5 bats (D:1)
  A frilled lizard (D:2)
  2 goblins (D:1)
  2 kobolds (D:1)
  2 rats (D:1)
18 creatures vanquished.

Notes
Turn   | Place    | Note
-------+----------+-------------------------------------------
     0 | D:1      | Erk the Halfling Warper began the quest for the Orb.
     0 | D:1      | Reached XP level 1. HP: 14/14 MP: 3/3
    97 | D:1      | Reached XP level 2. HP: 12/19 MP: 4/4
   102 | D:1      | Learned a level 2 spell: Blink
   302 | D:1      | Reached skill level 1 in Stealth
   569 | D:1      | Reached XP level 3. HP: 21/24 MP: 5/5
   699 | D:2      | Found a hazy altar of Hepliaklqana.
   699 | D:2      | Noticed Jessica
   931 | D:2      | HP: 1/24 [adder (1)]
   931 | D:2      | Slain by an adder

Levels and vault maps discovered:
D:1:      lightli_arrival_quake, layout_rooms, minmay_misc_feat_square,
          grunt_decor_one_mirror
D:2:      layout_loops_ring, nicolae_overflow_crystal_walls,
          lemuel_coloured_pillars_altar, old_standard_altar, first_ration,
          uniq_jessica
D:3:      layout_rooms, brannock_xom_greatest_gift

Skill      XL: |  1  2 |
---------------+-------+-----
Fighting       | 2 |  2.1
Stealth        | 1 |  1.2
Short Blades   | |  2.4
Throwing       | |  1.4
Armour         | |  1.1
Dodging        | |  2.5
Spellcasting   | |  1.5
Translocations | |  3.4

Action                   || total
-------------------------++-------
Melee: Short sword       ||    79
Throw: Stone             ||    18
 Cast: Blink             ||     3
Armor: Leather armour    ||    19
Dodge: Dodged            ||    50

Table legend:
 A = Non-vault XP
 B = Vault XP
 C = Vault XP percentage of total XP
 D = Non-vault monster count
 E = Vault monster count
 F = Vault count percentage of total count
                 A         B        C        D         E       F
            +---------+---------+-------+---------+---------+-------
      Total |      32 |       0 |   0.0 |      18 |       0 |   0.0
            +---------+---------+-------+---------+---------+-------
        D:1 |      31 |       0 |   0.0 |      17 |       0 |   0.0
        D:2 |       1 |       0 |   0.0 |       1 |       0 |   0.0
            +---------+---------+-------+---------+---------+-------
